 Dungeon Crawl Stone Soup version 0.16-a0-2860-gef4c3f3 (webtiles) character file.

7673 Johnny the Firebug (level 10, -5/84 HPs)
             Began as a Demigod Fire Elementalist on Nov 30, 2014.
             Slain by a fire bat (8 damage)
             ... on level 10 of the Dungeon.
             The game lasted 00:40:00 (15408 turns).

Johnny the Firebug (Demigod Fire Elementalist)     Turns: 15408, Time: 00:40:02

Health: -5/84      AC: 10    Str: 11    XL:     10   Next: 67%
Magic:  26/26      EV: 17    Int: 21    God:
Gold:   546        SH:  0    Dex: 20    Spells: 4 memorised, 9 levels left

rFire  . . .     SeeInvis .     x - +0 rapier (protect)
rCold  . . .     Clarity  .     a - +0 robe
rNeg   . . .     SustAb   +     (no shield)
rPois  +         Gourm    .     R - +0 helmet
rElec  .         Spirit   .     C - +0 cloak
rCorr  .         Warding  .     (no gloves)
rMut   .         Stasis   .     K - +0 pair of boots
MR     ++...                    (no amulet)
Stlth  ++........               m - ring of poison resistance
                                E - ring of protection from magic

@: very resistant to hostile enchantments, unstealthy
A: sustain abilities
a: no special abilities


You were on level 10 of the Dungeon.
You were not hungry.

You visited 1 branch of the dungeon, and saw 10 of its levels.

You collected 546 gold pieces.

Inventory:

Hand weapons
 x - a +0 rapier of protection (weapon)
 T - a +1 war axe of freezing
Armour
 a - a +0 robe (worn)
 C - a +0 cloak (worn)
 K - a +0 pair of boots (worn)
 M - the +5 ring mail of the Raven {rCorr Str-1 Stlth-- Curse}
   (You found it on level 9 of the Dungeon)

   It affects your strength (-1).
   It may recurse itself when equipped.
   It protects you from acid and corrosion.
   It makes you much less stealthy.
 R - a +0 helmet (worn)
Jewellery
 g - an uncursed ring of see invisible
 h - an uncursed ring of positive energy
 m - a ring of poison resistance (right hand)
 s - an uncursed ring of wizardry
 E - a ring of protection from magic (left hand)
Magical devices
 e - a wand of frost (24)
 u - a wand of magic darts (17)
 J - a wand of confusion (35)
 Y - a wand of frost (1)
Scrolls
 i - 3 scrolls of recharging
 j - 5 scrolls of blinking
 q - 2 scrolls of enchant armour
 r - 2 scrolls of fear
 t - a scroll of amnesia
 y - 2 scrolls of remove curse
 B - a scroll of teleportation
 G - a scroll of enchant weapon
 L - a scroll of magic mapping
 W - a scroll of summoning {unknown}
 X - a scroll of random uselessness {unknown}
 Z - a scroll of fog {unknown}
Potions
 d - a potion of mutation
 k - a potion of agility
 l - a potion of haste {unknown}
 o - a potion of heal wounds {unknown}
 v - a potion of might {unknown}
 w - a potion of restore abilities {unknown}
 z - a potion of brilliance
 A - a potion of flight {unknown}
 H - a potion of lignification {unknown}
 I - a potion of cure mutation {unknown}
 O - 3 potions of confusion {unknown}
 P - a potion of magic {unknown}
 Q - a potion of decay {unknown}
 V - a potion of degeneration {unknown}
Books
 b - a book of Flames

   Spells                             Type                      Level
   a - Flame Tongue                   Conjuration/Fire             1
   b - Throw Flame                    Conjuration/Fire             2
   c - Conjure Flame                  Conjuration/Fire             3
   d - Inner Flame                    Hexes/Fire                   3
   e - Sticky Flame                   Conjuration/Fire             4
   f - Fireball                       Conjuration/Fire             5
 p - a book of Spatial Translocations

   Spells                             Type                      Level
   a - Apportation                    Translocation                1
   b - Blink                          Translocation                2
   c - Shroud of Golubria             Charms/Translocation         2
   d - Portal Projectile              Translocation                3
   e - Teleport Other                 Translocation                3
   f - Passage of Golubria            Translocation                4
Miscellaneous
 U - a stone of tremors (inert, charging)
Comestibles
 c - 6 bread rations
 n - 4 meat rations
 D - a chunk of flesh


   Skills:
 * Level 6.4 Fighting
 + Level 3.6 Armour
 * Level 6.4 Dodging
 - Level 1.7 Stealth
 * Level 5.9 Spellcasting
 * Level 5.7 Conjurations
 * Level 7.2 Fire Magic
 * Level 5.8 Evocations


You had 9 spell levels left.
You knew the following spells:

 Your Spells              Type           Power        Failure   Level  Hunger
a - Flame Tongue          Conj/Fire      ####.        1%          1    None
b - Sticky Flame          Conj/Fire      ####....     10%         4    ####...
c - Fireball              Conj/Fire      ####......   24%         5    #####..
d - Apportation           Tloc           #.........   12%         1    None


Dungeon Overview and Level Annotations

Branches:
Dungeon (10/15)            Temple (0/1) D:5             Orc (0/4) D:9
   Lair: D:8-11


Innate Abilities, Weirdness & Mutations

Your attributes are resistant to harm.


Message History

You are too injured to fight recklessly!
You are too injured to fight recklessly!
You are too injured to fight recklessly!
You hit the fire bat.
The fire bat is heavily wounded.
The fire bat barely misses you.
You hit the fire bat.
The fire bat is severely wounded.
The fire bat bites you.
* * * LOW HITPOINT WARNING * * *
You are engulfed in flames!
* * * LOW HITPOINT WARNING * * *
The fire bat bites you.
* * * LOW HITPOINT WARNING * * *
You are engulfed in flames!
* * * LOW HITPOINT WARNING * * *
The fire bat bites you.
* * * LOW HITPOINT WARNING * * *
You are engulfed in flames!
You die...

).....####.####..................
.###### #8.8# ####...............
## ##'## ##.............. # #.#
####.......<... ##.##
.###........## #+##...##+#
...##.#####...§
#.........###b_.#### ###..
#..###+###..#bbb.##### ### #..
##.@## ##...## # . ##..###.....#
+....†÷..⌠..# ##..###.....# #..##
##...## #..#+ ####### ## ...#
####..####. 8##+ #..........
##.........


You could see a fire bat and 3 megabats.

Vanquished Creatures
  A tengu warrior (D:9)
  A hill giant (D:10)
  A centaur zombie (D:10)
  A gargoyle (D:10)
  A tengu conjurer (D:9)
  A troll (D:10)
  Sonja (D:10)
  A raven (D:10)
  A wraith (D:10)
  3 fire bats (D:10)
  Eustachio (D:8)
  A hungry ghost (D:10)
  2 water moccasins
  2 necrophages
  2 orc warriors
  2 ice beasts (D:6)
  A black bear (D:6)
  3 ogres (D:8)
  A phantom (D:5)
  An eye of draining (D:10)
  3 sky beasts
  2 centaurs
  Duvessa (D:6)
  3 big kobolds
  2 wyvern zombies (D:10)
  Blork the orc (D:8)
  A gnoll sergeant (D:9)
  5 giant frogs
  5 wights (D:10)
  A scorpion (D:8)
  7 hounds
  4 jellies
  3 crimson imps
  Crazy Yiuf (D:6)
  A quasit (D:8)
  2 iguanas
  A giant frog skeleton (D:10)
  4 orc priests
  5 orc wizards
  5 worker ants
  A big kobold skeleton (D:7)
  A hound skeleton (D:7)
  11 adders
  8 gnolls (D:9)
  2 giant mites
  3 shadow imps
  A white imp (D:8)
  3 worms
  An adder zombie (D:1)
  An adder skeleton (D:8)
  10 giant geckos
  An ooze (D:2)
  36 orcs
  A ball python (D:2)
  28 bats
  A bat skeleton (D:4)
  A bat zombie (D:8)
  2 giant cockroaches (D:3)
  6 goblins
  14 hobgoblins
  21 kobolds
  A ball python skeleton (D:4)
  A giant cockroach zombie (D:1)
  10 giant newts
  2 giant spores
  16 jackals
  A jackal skeleton (D:4)
  A jackal zombie (D:6)
  4 kobold zombies (D:7)
  7 quokkas
  A quokka skeleton (D:6)
  20 rats
  3 ballistomycetes (D:8)
305 creatures vanquished.

Vanquished Creatures (collateral kills)
  A centaur zombie (D:10)
  Dowan (D:6)
  An orc priest (D:6)
3 creatures vanquished.

Vanquished Creatures (others)
  A fire vortex (D:6)
  An orc warrior (D:6)
  A hound skeleton (D:6)
  A quokka (D:8)
4 creatures vanquished.

Grand Total: 312 creatures vanquished

Notes
Turn   | Place    | Note
--------------------------------------------------------------
     0 | D:1      | Johnny, the Demigod Fire Elementalist, began the quest for the Orb.
     0 | D:1      | Reached XP level 1. HP: 14/14 MP: 3/3
   317 | D:1      | Reached skill level 1 in Conjurations
   384 | D:1      | Reached skill level 3 in Fire Magic
   384 | D:1      | Reached XP level 2. HP: 16/22 MP: 2/4
  1416 | D:2      | Reached skill level 1 in Fighting
  1416 | D:2      | Reached XP level 3. HP: 12/28 MP: 3/8
  2167 | D:2      | Found a shimmering altar of Xom.
  2456 | D:2      | Reached XP level 4. HP: 32/35 MP: 9/11
  2468 | D:2      | Learned a level 4 spell: Sticky Flame
  2628 | D:2      | Noticed a moth of wrath
  2630 | D:2      | Found a bloodstained altar of Trog.
  3653 | D:3      | Found a radiant altar of Vehumet.
  3657 | D:3      | Identified Vehumet's Handbook of Attacks
  3661 | D:3      | Found a deep blue altar of Sif Muna.
  3665 | D:3      | Identified Sif Muna's Guide on Confrontation
  3669 | D:3      | Found an ancient bone altar of Kikubaaqudgha.
  3673 | D:3      | Identified Kikubaaqudgha's Grimoire of Black Rituals
  3869 | D:3      | Found a shadowy altar of Dithmenos.
  3869 | D:3      | Found a glowing golden altar of the Shining One.
  3938 | D:3      | Noticed a sky beast
  3946 | D:3      | Killed a sky beast
  3946 | D:3      | Reached skill level 1 in Armour
  3946 | D:3      | Reached XP level 5. HP: 13/41 MP: 1/14
  4217 | D:3      | Found a sacrificial altar of Ru.
  4221 | D:3      | Found an iron altar of Okawaru.
  4424 | D:4      | Reached skill level 1 in Evocations
  5132 | D:4      | Reached XP level 6. HP: 42/48 MP: 12/17
  5875 | D:5      | Entered Level 5 of the Dungeon
  6150 | D:5      | Found a staircase to the Ecumenical Temple.
  6422 | D:5      | Reached skill level 4 in Fire Magic
  6429 | D:5      | Reached XP level 7. HP: 14/56 MP: 0/19
  6831 | D:5      | Noticed Edmund
  6854 | D:5      | Noticed Edmund
  6854 | D:5      | Edmund changed into Edmund the big kobold
  6865 | D:5      | Killed Edmund the big kobold
  7513 | D:6      | HP: 1/57 [electric eel/bolt of electricity (10)]
  7868 | D:6      | Noticed Duvessa
  7869 | D:6      | Noticed Dowan
  7879 | D:6      | Noticed a fire vortex
  7880 | D:6      | Killed Dowan
  7881 | D:6      | Killed a fire vortex
  7904 | D:6      | Killed Duvessa
  7906 | D:6      | YOU ARE FIRED
  8005 | D:6      | Learned a level 5 spell: Fireball
  8038 | D:6      | И ЭТО МАГАЗИНЫ
  8038 | D:6      | гавно какое-то
  8128 | D:6      | Reached XP level 8. HP: 62/66 MP: 10/20
  8380 | D:6      | Reached skill level 5 in Fire Magic
  8935 | D:6      | Found a burning altar of Makhleb.
  8965 | D:6      | Noticed Crazy Yiuf
  8972 | D:6      | Killed Crazy Yiuf
  9802 | D:7      | Found a glowing silver altar of Zin.
 10657 | D:8      | Reached XP level 9. HP: 72/72 MP: 12/23
 10765 | D:8      | Noticed Eustachio
 10786 | D:8      | Killed Eustachio
 11136 | D:8      | Noticed Blork the orc
 11251 | D:8      | Killed Blork the orc
 11251 | D:8      | Reached skill level 5 in Dodging
 11323 | D:8      | Reached skill level 5 in Fighting
 11323 | D:8      | Reached skill level 5 in Spellcasting
 11854 | D:9      | Reached skill level 6 in Fire Magic
 11979 | D:9      | Found a staircase to the Orcish Mines.
 12489 | D:9      | Got a dazzling ring mail
 12500 | D:9      | Identified the +5 ring mail of the Raven {rCorr Str-1 Stlth-- Curse} (You found it on level 9 of the Dungeon)
 12633 | D:9      | Learned a level 1 spell: Apportation
 12695 | D:10     | Entered Level 10 of the Dungeon
 12695 | D:10     | Noticed a tengu warrior
 12706 | D:9      | Killed a tengu warrior
 12969 | D:9      | Reached skill level 5 in Conjurations
 13083 | D:9      | Reached skill level 5 in Evocations
 13083 | D:9      | Reached XP level 10. HP: 55/83 MP: 16/25
 14059 | D:10     | HP: 3/83 [gargoyle/stone arrow (18)]
 14402 | D:10     | Noticed Sonja
 14426 | D:10     | Killed Sonja
 15100 | D:10     | Noticed a hill giant
 15107 | D:10     | Killed a hill giant
 15107 | D:10     | Reached skill level 7 in Fire Magic
 15384 | D:10     | Found an opulent altar of Gozag.
 15408 | D:10     | HP: 3/84 [fire bat (5)]
 15408 | D:10     | Slain by a fire bat

Action                   |  1- 3 |  4- 6 |  7- 9 | 10-12 || total
-------------------------+-------+-------+-------+-------++-------
Melee: Club              |    12 |       |       |       ||    12
       Unarmed           |     3 |       |       |       ||     3
       Whip              |    43 |   134 |    10 |       ||   187
       Dire flail        |       |       |    97 |       ||    97
       Rapier            |       |       |   130 |   112 ||   242
       War axe           |       |       |       |    14 ||    14
 Cast: Flame Tongue      |    54 |   131 |   166 |    46 ||   397
       Sticky Flame      |       |     6 |    47 |    28 ||    81
       Fireball          |       |       |     2 |    10 ||    12
       Apportation       |       |       |     1 |       ||     1
Evoke: Wand              |       |     1 |    23 |     6 ||    30
       Stone of tremors  |       |       |       |     1 ||     1
  Use: Potion            |       |       |     7 |     2 ||     9
       Scroll            |       |       |     7 |    10 ||    17
 Stab: Sleeping          |     1 |     8 |     5 |     1 ||    15
       Distracted        |     1 |       |     2 |       ||     3
  Eat: Chunk             |     4 |    10 |    24 |     4 ||    42
       Meat ration       |       |     1 |     1 |     1 ||     3
       Pizza             |       |       |     1 |       ||     1
       Fruit             |       |       |       |     4 ||     4
       Royal jelly       |       |       |       |     2 ||     2
